Workbook

Sheet 风险补偿资金汇总表
A1: 2021年度自治区中小微企业信用担保风险补偿资金汇总表
A2: 序号 | B2: 担保资金汇总表对应号数 | C2: 担保机构名称 | D2: 机构性质 | E2: 企业申请 | M2: 会计师事务所核查
E3: 实收资本 | F3: 担保企业户数 | G3: 担保金额 | H3: 年平均中小微企业贷款担保责任额占实收资本比重（%） | I3: 当年累计中小微企业担保额占担保总额比重 （%） | J3: 上年结转在保贷款年平均余额 | K3: 当年新增担保贷款年平均余额 | L3: 企业申请担保风险补偿资金 | M3: 实收资本 | N3: 年平均中小微企业贷款担保责任额占实收资本比重（%） | O3: 当年累计中小微企业担保额占担保总额比重 （%） | P3: 上年结转在保贷款年平均余额 | Q3: 上年结转在保贷款补助担保风险补偿金 | R3: 当年新增担保贷款年平均余额 | S3: 当年新增担保贷款补助担保风险补偿金 | T3: 补助担保风险补偿资金合计 | U3: 补助担保风险补偿资金差异 （申请-核查） | V3: 上年结转 | W3: 当年新增
C4: 合计 | E4: =SUM(E6:E22) -> 890243.01 | F4: =SUM(F6:F22) -> 1913 | G4: =SUM(G6:G22) -> 2475367.1 | J4: =SUM(J6:J22) -> 1257831.3 | K4: =SUM(K6:K22) -> 997098.48 | L4: =SUM(L6:L22) -> 4379.84 | M4: =SUM(M6:M22) -> 890243.01 | P4: =SUM(P6:P22) -> 883273.76 | Q4: =SUM(Q6:Q22) -> 1194.0796 | R4: =SUM(R6:R22) -> 687660.55 | S4: =SUM(S6:S22) -> 1375.3211 | T4: =SUM(T6:T22) -> 2569.4007 | U4: =T4-L4 -> -1810.4393 | V4: =J4-P4 -> 374557.57 | W4: =K4-R4 -> 309437.93
C5: 区直
A6: 1 | B6: 1 | C6: 广西中小企业融资担保有限公司 | D6: 国有独资 | E6: 430000 | F6: 617 | G6: =1315292.92 -> 1315292.9 | H6: 1.0065 | I6: 0.7344 | J6: 693732.43 | K6: 432784.06 | L6: 1165.57 | M6: 430000 | N6: =(R6+P6)/M6 -> 2.2865868 | O6: =R6/(R6+P6) -> 0.37137672 | P6: 618082.73 | Q6: 300 | R6: 365149.59 | S6: =R6*0.002 -> 730.29919 | T6: =Q6+S6 -> 1030.2992 | U6: =T6-L6 -> -135.27081
C7: 南宁市
A8: 2 | B8: 2 | C8: 南宁联合创新融资担保有限公司 | D8: 有限责任公司 | E8: 10050 | F8: 25 | G8: =14870 -> 14870 | H8: 1.3205 | I8: 0.9045 | J8: 5957.11 | K8: 7313.33 | L8: 38.45 | M8: 10050 | Q8: =P8*0.004 -> 0 | S8: =R8*0.002 -> 0 | T8: =Q8+S8 -> 0 | U8: =T8-L8 -> -38.45 | V8: 单户大于注册资本的10%
A9: 3 | B9: 3 | C9: 广西中港兴融资担保有限责任公司 | D9: 国有控股 | E9: 10000 | F9: 29 | G9: 23740 | H9: 2.37 | I9: 0.79 | J9: 34476 | K9: 9860 | L9: 158 | M9: 10000 | Q9: =P9*0.004 -> 0 | S9: =R9*0.002 -> 0 | T9: =Q9+S9 -> 0 | U9: =T9-L9 -> -158 | V9: 单户大于注册资本的10%
A10: 4 | B10: 4 | C10: 广西投资集团融资担保有限公司 | D10: 国有控股 | E10: 45500 | F10: 32 | G10: 58199 | H10: 1.0453 | I10: 0.5138 | J10: 24649 | K10: 22914 | L10: 144.43 | M10: 45500 | Q10: =P10*0.004 -> 0 | S10: =R10*0.002 -> 0 | T10: =Q10+S10 -> 0 | U10: =T10-L10 -> -144.43 | V10: 单户大于注册资本的10%
A11: 5 | B11: 5 | C11: 南宁市南方融资担保有限公司 | D11: 国有控股 | E11: 65406.54 | F11: 223 | G11: 198608.42 | H11: 3.0365 | I11: 0.405 | J11: 82206.87 | K11: 97057.94 | L11: 494.12 | M11: 65406.54 | N11: =(R11+P11)/M11 -> 2.3915165 | O11: =R11/(R11+P11) -> 0.53270479 | P11: 73094.7 | Q11: =P11*0.004 -> 292.3788 | R11: 83326.12 | S11: =R11*0.002 -> 166.65224 | T11: =Q11+S11 -> 459.03104 | U11: =T11-L11 -> -35.088962
C12: 柳州市
A13: 6 | B13: 6 | C13: 广西柳州中小企业融资担保有限公司 | D13: 有限责任公司 | E13: 100619.8 | F13: 236 | G13: 253139.55 | H13: 2.3703 | I13: 0.6312 | J13: 110654.58 | K13: 127842.86 | L13: 556 | M13: 100619.8 | N13: =(R13+P13)/M13 -> 2.2939671 | O13: =R13/(R13+P13) -> 0.49453304 | P13: 116671.13 | Q13: 300 | R13: 114147.38 | S13: =R13*0.002 -> 228.29476 | T13: =Q13+S13 -> 528.29476 | U13: =T13-L13 -> -27.705237
A14: 7 | B14: 7 | C14: 柳州东城中小企业融资担保有限公司 | D14: 有限责任公司 | E14: 20000 | F14: 55 | G14: 54285 | H14: 2.4472 | I14: 0.658 | J14: 25687.46 | K14: 23255.88 | L14: 149.26 | M14: 20000 | Q14: =P14*0.004 -> 0 | S14: =R14*0.002 -> 0 | T14: =Q14+S14 -> 0 | U14: =T14-L14 -> -149.26 | V14: 单户大于注册资本的11%
C15: 桂林市
A16: 8 | B16: 8 | C16: 桂林市小微企业融资担保有限公司 | D16: 国有企业 | E16: 43166.67 | F16: 447 | G16: 140180.75 | H16: 3.7623 | I16: 0.6631 | J16: 106547.32 | K16: 55860.58 | L16: 537.91 | M16: 43166.67 | Q16: =P16*0.004 -> 0 | S16: =R16*0.002 -> 0 | T16: =Q16+S16 -> 0 | U16: =T16-L16 -> -537.91 | V16: 政府性融资担保机构
C17: 贵港市
A18: 9 | B18: 9 | C18: 广西贵港市西江融资担保有限公司 | D18: 国有企业 | E18: 10500 | F18: 40 | G18: 27115 | H18: 6.8873 | I18: 0.3749 | J18: 52772.25 | K18: 17954.58 | L18: 247 | M18: 10500 | N18: =(R18+P18)/M18 -> 2.0702976 | O18: =R18/(R18+P18) -> 0.74298228 | P18: 5587.0833 | Q18: =P18*0.004 -> 22.348333 | R18: 16151.042 | S18: =R18*0.002 -> 32.302083 | T18: =Q18+S18 -> 54.650417 | U18: =T18-L18 -> -192.34958
C19: 百色市
A20: 10 | B20: 10 | C20: 广西福地融资担保有限公司 | D20: 有限责任公司 | E20: 100000 | F20: 110 | G20: 261342 | H20: 2.2976 | I20: 1 | J20: 98880.89 | K20: 130879.25 | L20: 657.28 | M20: 100000 | N20: =(R20+P20)/M20 -> 1.7872453 | O20: =R20/(R20+P20) -> 0.60924159 | P20: 69838.114 | Q20: =P20*0.004 -> 279.35245 | R20: 108886.42 | S20: =R20*0.002 -> 217.77283 | T20: =Q20+S20 -> 497.12529 | U20: =T20-L20 -> -160.15471
C21: 来宾市
A22: 11 | B22: 11 | C22: 广西来宾金投融资担保有限公司 | D22: 国有控股 | E22: 55000 | F22: 99 | G22: 128594.5 | H22: 1.7026 | I22: 1 | J22: 22267.42 | K22: 71376 | L22: 231.82 | M22: 55000 | Q22: =P22*0.004 -> 0 | S22: =R22*0.002 -> 0 | T22: =Q22+S22 -> 0 | U22: =T22-L22 -> -231.82 | V22: 单户超10% | W22: =L22+L14+L13+L10+L9+L8 -> 1277.96
U23: =U22+U14+U10+U9+U8+U16 -> -1259.87
B24: 情况说明：月在保天数超过15天（含15天）按整月计算。 年平均中小微企业贷款担保责任额占实收资本比重（%）根据审定数重新计算。
B25: 计算公式：年平均额=当年实际占用月份×担保额÷12

Sheet 计划汇总
A1: 2021年度自治区中小微企业信用担保风险补偿资金项目计划汇总表 | G1: 第一批 | I1: 第二批
A2: 序号 | B2: 企业名称 | C2: 补助方式 | D2: 补助金额（万元） | E2: 所在地 | G2: 广西再担保有限公司 | H2: =VLOOKUP(G2,B$4:E$14,3,FALSE) -> #N/A | I2: 广西融资担保集团有限公司
B3: 全区合计 | D3: =SUM(D4:D14) -> 2569.4007 | G3: 广西农业信贷融资担保有限公司 | H3: =VLOOKUP(G3,B$4:E$14,3,FALSE) -> #N/A | I3: 广西桂惠融资担保有限公司
A4: 1 | B4: 广西中小企业融资担保有限公司 | C4: 无偿补助 | D4: =风险补偿资金汇总表!T6 -> 1030.2992 | E4: 区直 | G4: 贺州市小微企业融资担保有限公司 | H4: =VLOOKUP(G4,B$4:E$14,3,FALSE) -> #N/A | I4: 宾阳县农业信贷融资担保有限公司
A5: 2 | B5: 南宁联合创新融资担保有限公司 | C5: 无偿补助 | D5: =风险补偿资金汇总表!T8 -> 0 | E5: 南宁 | G5: 钦州市小微企业融资担保有限公司 | H5: =VLOOKUP(G5,B$4:E$14,3,FALSE) -> #N/A | I5: 柳州市农业信贷融资担保有限公司
A6: 3 | B6: 广西中港兴融资担保有限责任公司 | C6: 无偿补助 | D6: =风险补偿资金汇总表!T9 -> 0 | E6: 南宁 | G6: 玉林市小微企业融资担保有限公司 | H6: =VLOOKUP(G6,B$4:E$14,3,FALSE) -> #N/A | I6: 玉林市农业信贷融资担保有限公司
A7: 4 | B7: 广西投资集团融资担保有限公司 | C7: 无偿补助 | D7: =风险补偿资金汇总表!T10 -> 0 | E7: 南宁 | G7: 梧州市小微企业融资担保有限公司 | H7: =VLOOKUP(G7,B$4:E$14,3,FALSE) -> #N/A | I7: 河池市宜州农业信贷融资担保有限公司
A8: 5 | B8: 南宁市南方融资担保有限公司 | C8: 无偿补助 | D8: =风险补偿资金汇总表!T11 -> 459.03104 | E8: 南宁 | G8: 北海市小微企业融资担保有限公司 | H8: =VLOOKUP(G8,B$4:E$14,3,FALSE) -> #N/A
A9: 6 | B9: 广西柳州中小企业融资担保有限公司 | C9: 无偿补助 | D9: =风险补偿资金汇总表!T13 -> 528.29476 | E9: 柳州 | G9: 河池市小微企业融资担保有限责任公司 | H9: =VLOOKUP(G9,B$4:E$14,3,FALSE) -> #N/A
A10: 7 | B10: 柳州东城中小企业融资担保有限公司 | C10: 无偿补助 | D10: =风险补偿资金汇总表!T14 -> 0 | E10: 柳州 | G10: 防城港市小微企业融资担保有限公司 | H10: =VLOOKUP(G10,B$4:E$14,3,FALSE) -> #N/A
A11: 8 | B11: 桂林市小微企业融资担保有限公司 | C11: 无偿补助 | D11: =风险补偿资金汇总表!T16 -> 0 | E11: 桂林 | G11: 崇左市小微企业融资担保有限公司 | H11: =VLOOKUP(G11,B$4:E$14,3,FALSE) -> #N/A
A12: 9 | B12: 广西贵港市西江融资担保有限公司 | C12: 无偿补助 | D12: =风险补偿资金汇总表!T18 -> 54.650417 | E12: 贵港 | G12: 桂林市小微企业融资担保有限公司 | H12: =VLOOKUP(G12,B$4:E$14,3,FALSE) -> 0
A13: 10 | B13: 广西福地融资担保有限公司 | C13: 无偿补助 | D13: =风险补偿资金汇总表!T20 -> 497.12529 | E13: 百色 | G13: 南宁市小微企业融资担保有限公司 | H13: =VLOOKUP(G13,B$4:E$14,3,FALSE) -> #N/A
A14: 11 | B14: 广西来宾金投融资担保有限公司 | C14: 无偿补助 | D14: =风险补偿资金汇总表!T22 -> 0 | E14: 来宾 | G14: 柳州市小微企业融资担保有限公司 | H14: =VLOOKUP(G14,B$4:E$14,3,FALSE) -> #N/A
G15: 来宾市小微企业融资担保有限公司 | H15: =VLOOKUP(G15,B$4:E$14,3,FALSE) -> #N/A
G16: 贵港市小微企业融资担保有限公司 | H16: =VLOOKUP(G16,B$4:E$14,3,FALSE) -> #N/A
G17: 百色市小微企业融资担保有限公司 | H17: =VLOOKUP(G17,B$4:E$14,3,FALSE) -> #N/A

Sheet 风险补偿资金分配表
A1: 附件
A3: 2022年度自治区中小微企业信用担保风险补偿资金项目计划名单
A4: 序号 | B4: 企业名称
A5: 1 | B5: 广西中小企业融资担保有限公司
A6: 2 | B6: 南宁市南方融资担保有限公司
A7: 3 | B7: 南宁联合创新融资担保有限公司
A8: 4 | B8: 广西中港兴融资担保有限责任公司
A9: 5 | B9: 广西柳州中小企业融资担保有限公司
A10: 6 | B10: 柳州东城中小企业融资担保有限公司
A11: 7 | B11: 广西来宾金投融资担保有限公司
